CRL
LYNCHBURG HILLCATS @ BURLINGTON SENATORS
07/22/1982
 
TOP OF THE 1ST
Lynchburg Hillcats batting - Pitching for Burlington Senators : RHP Erik Hendricks
Pitching: RHP Erik Hendricks
Batting: RHB Ronald Lee 0-0: Ball
1-0: Ball
2-0: Foul Ball, location: 2F
2-1: Ball
3-1: Base on Balls
Batting: RHB Russ Quetti 0-0: Ball
1-0: Called Strike
1-1: Ball
2-1: Ball
3-1: Fly out, F9 (Flyball, 9, EV 84.4 MPH)
Batting: RHB William Lajoie 0-0: Grounds into double play, 6-4-3 (Groundball, 6, EV 83.8 MPH)
Top of the 1st over - 0 runs, 0 hits, 0 errors, 0 left on base; Lynchburg 0 - Burlington 0
BOTTOM OF THE 1ST
Burlington Senators batting - Pitching for Lynchburg Hillcats : RHP Miguel Carrizales
Pitching: RHP Miguel Carrizales
Batting: LHB Daniel Spain 0-0: Ball
1-0: Fly out, F8 (Flyball, 78D, EV 101.9 MPH)
Batting: RHB Richard Hertel 0-0: Fly out, F8 (Flyball, 8LM, EV 86.3 MPH)
Batting: RHB Rick Schu 0-0: Ball
1-0: SINGLE (Line Drive, 8RS, EV 110.0 MPH)
Batting: LHB John Skorochocki 0-0: Ball
1-0: Ball
Rick Schu is caught stealing 2nd base 2-6
Bottom of the 1st over - 0 runs, 1 hit, 0 errors, 0 left on base; Lynchburg 0 - Burlington 0
TOP OF THE 2ND
Lynchburg Hillcats batting - Pitching for Burlington Senators : RHP Erik Hendricks
Batting: RHB Richard Witt 0-0: Ball
1-0: Ball
2-0: Called Strike
2-1: Ball
3-1: Base on Balls
Batting: RHB Kenneth Tillman 0-0: Called Strike
0-1: Foul Ball, location: 2F
0-2: Strikes out swinging
Batting: LHB Harold Warner 0-0: Swinging Strike
0-1: Ball
1-1: Foul Ball, location: 2F
1-2: Strikes out looking
Batting: RHB Frederic Wade 0-0: Foul Ball, location: 2F
0-1: Ball
Wild Pitch!
Richard Witt to second
1-1: Ball
2-1: 2-RUN HOME RUN (Flyball, 78XD, EV 91.9 MPH), Distance : 416 ft
Batting: LHB Eb MacDonald 0-0: Ball
1-0: SINGLE (Line Drive, 5D, EV 95.0 MPH)
Batting: RHB Felix Estrada 0-0: Ball
1-0: Ball
2-0: Ball
3-0: Called Strike
3-1: Called Strike
3-2: Foul Ball, location: 2F
3-2: Fly out, F9 (Flyball, 89S, EV 88.8 MPH)
Top of the 2nd over - 2 runs, 2 hits, 0 errors, 1 left on base; Lynchburg 2 - Burlington 0
BOTTOM OF THE 2ND
Burlington Senators batting - Pitching for Lynchburg Hillcats : RHP Miguel Carrizales
Batting: LHB John Skorochocki 0-0: Called Strike
0-1: Ball
1-1: Foul Ball, location: 2F
1-2: Strikes out swinging
Batting: RHB Joseph Lorenz 0-0: Ground out 6-3 (Groundball, 6, EV 91.3 MPH)
Batting: LHB Jesus Sandoval 0-0: Ball
1-0: Swinging Strike
1-1: Called Strike
1-2: Strikes out swinging
Bottom of the 2nd over - 0 runs, 0 hits, 0 errors, 0 left on base; Lynchburg 2 - Burlington 0
TOP OF THE 3RD
Lynchburg Hillcats batting - Pitching for Burlington Senators : RHP Erik Hendricks
Batting: RHB Ronald Lee 0-0: Ball
1-0: Ball
2-0: Called Strike
2-1: SINGLE (Line Drive, 8LS, EV 99.4 MPH)
Batting: RHB Russ Quetti 0-0: Swinging Strike
0-1: Fly out, F8 (Flyball, 8RD, EV 93.1 MPH)
Batting: RHB William Lajoie 0-0: Ball
1-0: Ground out U3 (Groundball, 3, EV 82.5 MPH)
Ronald Lee to second
Batting: RHB Richard Witt 0-0: Ball
1-0: Ball
2-0: Ball
Passed Ball!
Ronald Lee to third
3-0: Called Strike
3-1: Base on Balls
Batting: RHB Kenneth Tillman 0-0: SINGLE (Line Drive, 8RS, EV 106.3 MPH)
Ronald Lee scores
Richard Witt to second
Runner from 2nd tries for 3rd, SAFE, throw by CF made to third
Batting: LHB Harold Warner 0-0: Ball
1-0: Ball
2-0: Ball
3-0: Called Strike
3-1: Swinging Strike
3-2: Ground out 4-3 (Groundball, 4, EV 96.3 MPH)
Top of the 3rd over - 1 run, 2 hits, 0 errors, 2 left on base; Lynchburg 3 - Burlington 0
BOTTOM OF THE 3RD
Burlington Senators batting - Pitching for Lynchburg Hillcats : RHP Miguel Carrizales
Batting: RHB Glenn Millhauser 0-0: Ground out 6-3 (Groundball, 56, EV 100.0 MPH)
Batting: RHB Ronnie Mears 0-0: Fly out, F8 (Flyball, 8RD, EV 75.6 MPH)
Batting: RHB David Burroughs 0-0: Called Strike
0-1: Swinging Strike
0-2: Ball
1-2: Strikes out swinging
Bottom of the 3rd over - 0 runs, 0 hits, 0 errors, 0 left on base; Lynchburg 3 - Burlington 0
TOP OF THE 4TH
Lynchburg Hillcats batting - Pitching for Burlington Senators : RHP Erik Hendricks
Batting: RHB Frederic Wade 0-0: Ball
1-0: Called Strike
1-1: Ground out 3-1 (Groundball, 34, EV 103.1 MPH)
Batting: LHB Eb MacDonald 0-0: Ball
1-0: Ball
2-0: Fly out, F9 (Flyball, 9S, EV 80.6 MPH)
Batting: RHB Felix Estrada 0-0: Ball
1-0: Ball
2-0: Ball
3-0: Base on Balls
Batting: RHB Ronald Lee 0-0: Called Strike
Felix Estrada steals 2nd base
0-1: Ball
1-1: Swinging Strike
1-2: Ball
2-2: Fly out, F6 (Line Drive, 6, EV 68.1 MPH)
Top of the 4th over - 0 runs, 0 hits, 0 errors, 1 left on base; Lynchburg 3 - Burlington 0
BOTTOM OF THE 4TH
Burlington Senators batting - Pitching for Lynchburg Hillcats : RHP Miguel Carrizales
Batting: LHB Daniel Spain 0-0: Called Strike
0-1: Foul Ball, location: 2F
0-2: Foul Ball, location: 2F
0-2: Ball
1-2: SINGLE (Line Drive, 9S, EV 95.6 MPH)
Batting: RHB Richard Hertel 0-0: Swinging Strike
0-1: Foul Ball, location: 2F
0-2: Strikes out swinging
Batting: RHB Rick Schu 0-0: Ball
1-0: DOUBLE (Flyball, 89D, EV 95.0 MPH)
Daniel Spain to third
Batting: LHB John Skorochocki 0-0: Ground out 6-3 (Groundball, 6, EV 79.4 MPH)
Daniel Spain scores
Rick Schu to third
Batting: RHB Joseph Lorenz 0-0: Swinging Strike
0-1: Ball
1-1: Swinging Strike
1-2: Ground out 5-3 (Groundball, 5, EV 83.1 MPH)
Bottom of the 4th over - 1 run, 2 hits, 0 errors, 1 left on base; Lynchburg 3 - Burlington 1
TOP OF THE 5TH
Lynchburg Hillcats batting - Pitching for Burlington Senators : RHP Erik Hendricks
Batting: RHB Russ Quetti 0-0: SINGLE (Line Drive, 34, EV 110.6 MPH)
Batting: RHB William Lajoie 0-0: Called Strike
0-1: Fly out, F8 (Flyball, 8RS, EV 90.0 MPH)
Batting: RHB Richard Witt 0-0: Ball
1-0: Ball
2-0: Called Strike
2-1: Grounds into double play, 6-4-3 (Groundball, 6, EV 98.8 MPH)
Top of the 5th over - 0 runs, 1 hit, 0 errors, 0 left on base; Lynchburg 3 - Burlington 1
BOTTOM OF THE 5TH
Burlington Senators batting - Pitching for Lynchburg Hillcats : RHP Miguel Carrizales
Batting: LHB Jesus Sandoval 0-0: Called Strike
0-1: Ball
1-1: Swinging Strike
1-2: Ball
2-2: Foul Ball, location: 2F
2-2: Ball
3-2: Foul Ball, location: 2F
3-2: Ground out U3 (Groundball, 3, EV 87.5 MPH)
Batting: RHB Glenn Millhauser 0-0: Foul Ball, location: 2F
0-1: Ball
1-1: Swinging Strike
1-2: Fly out, F7 (Flyball, 7D, EV 80.6 MPH)
Batting: RHB Ronnie Mears 0-0: Foul Ball, location: 2F
0-1: Ball
1-1: Ground out 6-3 (Groundball, 6, EV 83.1 MPH)
Bottom of the 5th over - 0 runs, 0 hits, 0 errors, 0 left on base; Lynchburg 3 - Burlington 1
TOP OF THE 6TH
Lynchburg Hillcats batting - Pitching for Burlington Senators : RHP Erik Hendricks
Batting: RHB Kenneth Tillman 0-0: Ball
1-0: Ball
2-0: Called Strike
2-1: Foul Ball, location: 2F
2-2: Strikes out looking
Batting: LHB Harold Warner 0-0: Ball
1-0: Called Strike
1-1: Foul Ball, location: 2F
1-2: Ball
2-2: Foul Ball, location: 2F
2-2: Foul Ball, location: 2F
2-2: Ball
3-2: Foul Ball, location: 2F
3-2: Strikes out swinging
Batting: RHB Frederic Wade 0-0: Ball
1-0: Ball
2-0: Ball
3-0: Base on Balls
Batting: LHB Eb MacDonald 0-0: Called Strike
0-1: Ball
1-1: DOUBLE (Flyball, 89XD, EV 98.8 MPH)
Frederic Wade to third
Runner from 3rd tries for Home, SAFE, throw by CF to home
Batting: RHB Felix Estrada 0-0: Called Strike
0-1: Ball
1-1: Ground out 5-3 (Groundball, 56, EV 87.5 MPH)
Top of the 6th over - 1 run, 1 hit, 0 errors, 1 left on base; Lynchburg 4 - Burlington 1
BOTTOM OF THE 6TH
Burlington Senators batting - Pitching for Lynchburg Hillcats : RHP Miguel Carrizales
Batting: RHB David Burroughs 0-0: Foul Ball, location: 2F
0-1: Ball
1-1: Fly out, F9 (Flyball, 9D, EV 91.9 MPH)
Batting: LHB Daniel Spain 0-0: Swinging Strike
0-1: Ball
1-1: Ball
2-1: SINGLE (Line Drive, 6MD, EV 97.5 MPH)
Batting: RHB Richard Hertel 0-0: Grounds into double play, 5-4-3 (Groundball, 5L, EV 102.5 MPH)
Bottom of the 6th over - 0 runs, 1 hit, 0 errors, 0 left on base; Lynchburg 4 - Burlington 1
TOP OF THE 7TH
Lynchburg Hillcats batting - Pitching for Burlington Senators : RHP Erik Hendricks
Batting: RHB Ronald Lee 0-0: Fly out, F7 (Line Drive, 7, EV 98.8 MPH)
Batting: RHB Russ Quetti 0-0: Called Strike
0-1: Foul Ball, location: 2F
0-2: Strikes out swinging
Batting: RHB William Lajoie 0-0: DOUBLE (Flyball, 89D, EV 85.6 MPH)
Batting: RHB Richard Witt 0-0: Ball
1-0: Ball
2-0: Ball
3-0: Base on Balls
Batting: RHB Kenneth Tillman 0-0: Called Strike
0-1: Ball
1-1: Ball
2-1: Ball
3-1: Base on Balls
William Lajoie to third
Richard Witt to second
Batting: LHB Harold Warner 0-0: Called Strike
0-1: Fielders Choice at 2nd, 6-4 (Groundball, 6, EV 100.6 MPH)
Top of the 7th over - 0 runs, 1 hit, 0 errors, 3 left on base; Lynchburg 4 - Burlington 1
BOTTOM OF THE 7TH
Burlington Senators batting - Pitching for Lynchburg Hillcats : RHP Miguel Carrizales
Batting: RHB Rick Schu 0-0: Ball
1-0: Swinging Strike
1-1: Swinging Strike
1-2: Foul Ball, location: 2F
1-2: Foul Ball, location: 2F
1-2: Ground out 4-3 (Groundball, 4, EV 76.9 MPH)
Batting: LHB John Skorochocki 0-0: Called Strike
0-1: Called Strike
0-2: Ground out 3-1 (Groundball, 34, EV 84.4 MPH)
Batting: RHB Joseph Lorenz 0-0: Ball
1-0: DOUBLE (Line Drive, 9LM, EV 104.4 MPH)
Batting: LHB Jesus Sandoval 0-0: Foul Ball, location: 2F
0-1: Ball
1-1: Swinging Strike
1-2: Fly out, F9 (Flyball, 9, EV 83.8 MPH)
Bottom of the 7th over - 0 runs, 1 hit, 0 errors, 1 left on base; Lynchburg 4 - Burlington 1
TOP OF THE 8TH
Lynchburg Hillcats batting - Pitching for Burlington Senators : RHP Erik Hendricks
Batting: RHB Frederic Wade 0-0: Called Strike
0-1: Ball
1-1: Ball
2-1: Ball
3-1: SINGLE (Groundball, 6MS, EV 66.3 MPH) (infield hit)
Batting: LHB Eb MacDonald 0-0: Bunt missed!
0-1: Bunted foul
0-2: Foul Ball, location: 2F
0-2: Ball
1-2: Fly out, F4 (Flyball, 34D, EV 88.1 MPH)
Batting: RHB Felix Estrada 0-0: Ball
1-0: DOUBLE (Line Drive, 5D, EV 94.4 MPH)
Frederic Wade to third
Batting: RHB Ronald Lee 0-0: Ball
1-0: Called Strike
1-1: Called Strike
1-2: Fly out, F8 (Flyball, 89M, EV 85.6 MPH)
Batting: RHB Russ Quetti 0-0: Ball
1-0: Ball
2-0: Ground out 5-3 (Groundball, 56S, EV 67.5 MPH)
Top of the 8th over - 0 runs, 2 hits, 0 errors, 2 left on base; Lynchburg 4 - Burlington 1
BOTTOM OF THE 8TH
Burlington Senators batting - Pitching for Lynchburg Hillcats : RHP Miguel Carrizales
Batting: RHB Glenn Millhauser 0-0: Called Strike
0-1: Ball
1-1: Foul Ball, location: 2F
1-2: Ground out 6-3 (Groundball, 6, EV 88.8 MPH)
Batting: RHB Ronnie Mears 0-0: Fly out, F8 (Flyball, 8LM, EV 90.6 MPH)
Batting: RHB David Burroughs 0-0: Called Strike
0-1: Ball
1-1: Fly out, F8 (Line Drive, 8LM, EV 103.1 MPH)
Bottom of the 8th over - 0 runs, 0 hits, 0 errors, 0 left on base; Lynchburg 4 - Burlington 1
TOP OF THE 9TH
Lynchburg Hillcats batting - Pitching for Burlington Senators : RHP Erik Hendricks
Pitching: RHP Paul Boris
Batting: RHB William Lajoie 0-0: Swinging Strike
0-1: SOLO HOME RUN (Flyball, 7D, EV 105.0 MPH), Distance : 373 ft
Batting: RHB Richard Witt 0-0: Fly out, F9 (Line Drive, 9, EV 93.1 MPH)
Batting: RHB Kenneth Tillman 0-0: Called Strike
0-1: Ball
1-1: Ball
2-1: Ground out 4-3 (Groundball, 4M, EV 88.1 MPH)
Batting: LHB Harold Warner 0-0: Called Strike
0-1: Ball
1-1: Swinging Strike
1-2: Strikes out looking
Top of the 9th over - 1 run, 1 hit, 0 errors, 0 left on base; Lynchburg 5 - Burlington 1
BOTTOM OF THE 9TH
Burlington Senators batting - Pitching for Lynchburg Hillcats : RHP Miguel Carrizales
Pitching: RHP Paul Steets
Batting: LHB Daniel Spain 0-0: Ball
1-0: Ball
2-0: Ball
3-0: Base on Balls
Batting: RHB Richard Hertel 0-0: Called Strike
0-1: Ball
1-1: Ball
2-1: Swinging Strike
2-2: Ball
3-2: Foul Ball, location: 2F
3-2: Base on Balls
Daniel Spain to second
Batting: RHB Rick Schu 0-0: Called Strike
0-1: Fly out, F8 (Flyball, 78M, EV 93.1 MPH)
Batting: LHB John Skorochocki 0-0: Ball
1-0: Ball
2-0: Called Strike
2-1: Ball
3-1: Foul Ball, location: 2F
3-2: Foul Ball, location: 2F
3-2: Grounds into double play, 5-4-3 (Groundball, 56, EV 86.3 MPH)
Bottom of the 9th over - 0 runs, 0 hits, 0 errors, 1 left on base; Lynchburg 5 - Burlington 1
Monday, August 17th, 2020 - OOTP Baseball 21.5 Build 76